 Dungeon Sprint DCSS version 0.31-a0-845-g9abc20d24f (webtiles) character file.

Game seed: 15363832392387431118

209 Danienth the Mimic (level 9, -5/121 HPs)
             Began as a Troll Shapeshifter on Oct 2, 2023.
             Was an Initiate of Gozag.
             Slain by the 27-headed Lernaean hydra (9 damage)
             ... in the Dungeon (Sprint VI: "Thunderdome").
             The game lasted 00:16:40 (766 turns).

Danienth the Mimic (Troll Shapeshifter)              Turns: 766, Time: 00:16:41

Health: -5/121     AC:  5    Str: 27    XL:     9   Next: 62%
Magic:  17/17      EV: 12    Int:  8    God:    Gozag
Gold:   234        SH:  0    Dex: 16    Spells: 8/8 levels left

rFire   . .          .
                       - Unarmed
rCold   . . .        (shield currently unavailable)
rNeg    . . .        a - melded +0 animal skin
rPois   .            (helmet currently unavailable)
rElec   .            (cloak currently unavailable)
rCorr   +            (gloves unavailable)
SInv    +            (boots unavailable)
Will    .....        q - amulet "Isogaf" {Faith Rampage rCorr SInv}
Stlth   +            p - ring of Sicvuan {*Corrode MP+9 Dex+5}
HPRegen 1.20/turn    (no ring)
MPRegen 0.15/turn

%: no teleportation, corrode self (3%), rampage, faith
@: snake-form, corroded, hasted, very quick
A: constrict, boosted hp, large, unfitting armour, (claws 3), regeneration 1,
(shaggy fur 1), (tough skin 1), weak 1
a: Begin Untransformation, Renounce Religion, Potion Petition, Call Merchant,
Bribe Branch


You were in the Dungeon.
You worshipped Gozag.
Gozag was aware of your devotion.
You were an enormous anaconda.
You visited 1 branch You collected 1652 gold pieces.
You spent 1418 gold pieces at shops.

Inventory:

Hand Weapons
 r - a +0 club
Armour
 a - a +0 animal skin (melded)
Jewellery
 p - the ring of Sicvuan (left hand) {*Corrode MP+9 Dex+5}
   (You bought it in a shop in the Dungeon)

   [ring of magical power]

   Dex+5:     It affects your dexterity (+5).
   MP+9:      It affects your magic capacity (+9).
   *Corrode:  It may corrode you when you take damage.
 q - the amulet "Isogaf" (around neck) {Faith Rampage rCorr SInv}
   (You bought it in a shop in the Dungeon)

   [amulet of faith]

   Faith:     It allows you to gain divine favour quickly.
   SInv:      It lets you see invisible.
   rCorr:     It protects you from acid and corrosion.
   Rampage:   It bestows one free step when moving towards enemies.
Talismans
 c - a beast talisman
 d - a flux talisman
 l - a maw talisman
 m - a serpent talisman (active)
Scrolls
 j - 4 scrolls of blinking
 n - 3 scrolls of fog
Potions
 b - a potion of lignification
 e - a potion of curing
 f - 2 potions of heal wounds
 g - a potion of haste
 h - 2 potions of magic
 i - a potion of berserk rage
 k - a potion of resistance
 o - 5 potions of might


   Skills:
 * Level 10.2 Fighting
 * Level 5.2 Dodging
 - Level 11.1 Unarmed Combat
 - Level 1.3 Evocations
 * Level 11.2 Shapeshifting


You had 8 spell levels left.
You didn't know any spells.
Your spell library was empty.

Dungeon Overview and Level Annotations

Branches:
Dungeon (1/1)

Altars:
Cheibriados
Dithmenos
Fedhas
Gozag
Kikubaaqudgha
Makhleb
Okawaru
Qazlal
Ru
Sif Muna
Trog
Uskayaw
Vehumet
Wu Jian
Xom
Yredelemnul
Zin
The Shining One
Lugonu

Shops:
D *[=??*?*:[((!!!!

Annotations:
D Lernaean hydra


Innate Abilities, Weirdness & Mutations

You are an enormous anaconda.
You have a powerful constriction melee attack.
Your maximum health is increased.
Your armour is entirely melded.
You are incapable of wielding weapons or throwing items.
You are too large for most types of armour.
((You have claws for hands.))
Your natural rate of healing is unusually fast.
((You are covered in fur. (AC +1)))
((You have tough skin. (AC +1)))
You are weak. (Str -2)


Message History

Your transformation has ended.
Your +0 animal skin unmelds from your body.
You begin transforming.
You continue transforming. x3
You turn into an enormous anaconda.
Your +0 animal skin melds into your body.
Okay, then.
No target in view!
Done exploring.
Get ready!
There is a radiant altar of Vehumet here.
There is a burning altar of Makhleb here.
ROUND 5!
BOSS ROUND!
The 27-headed Lernaean hydra comes into view.
The 27-headed Lernaean hydra roars deafeningly!
You feel yourself speed up.
The 27-headed Lernaean hydra bites you but does no damage.
The 27-headed Lernaean hydra closely misses you.
The 27-headed Lernaean hydra bites you but does no damage.
The 27-headed Lernaean hydra completely misses you.
The 27-headed Lernaean hydra barely misses you.
The 27-headed Lernaean hydra bites you.
The 27-headed Lernaean hydra bites you but does no damage.
The 27-headed Lernaean hydra bites you! The 27-headed Lernaean hydra bites you.
Your corrosive artefact corrodes you!
The 27-headed Lernaean hydra bites you! The 27-headed Lernaean hydra bites you.
The 27-headed Lernaean hydra bites you! x2
The 27-headed Lernaean hydra barely misses you.
The 27-headed Lernaean hydra bites you.
The 27-headed Lernaean hydra bites you! x2
The 27-headed Lernaean hydra barely misses you.
The 27-headed Lernaean hydra closely misses you.
The 27-headed Lernaean hydra bites you.
The 27-headed Lernaean hydra bites you! x2
* * * LOW HITPOINT WARNING * * *
The 27-headed Lernaean hydra bites you!
* * * LOW HITPOINT WARNING * * *
The 27-headed Lernaean hydra bites you but does no damage.
The 27-headed Lernaean hydra bites you!
* * * LOW HITPOINT WARNING * * *
The 27-headed Lernaean hydra bites you but does no damage.
The 27-headed Lernaean hydra bites you!
You die...
Your body crumbles into a pile of gold.

##∩.....∩## #∩.......∩#
#_....).._# #_......._#
#_......._#
###.........###
#§...........⌠#
######D8.........8.###
##∩__.S....[###.....[__
###∩...)....8.# #.8......
##.............###........
#⌠..........###...###.....
#⌠..........# #.<.# #.....
#⌠..........###...###.....
##.............###........
###∩........8.# #.8......
##∩_._......###......_.


You could see the 27-headed Lernaean hydra.

Vanquished Creatures
  Grum (D)
  6 neqoxecs (D)
  A water moccasin (D)
  3 wolves (D)
  An ogre (D)
  2 hounds (D)
  Terence (D)
  A shadow imp (D)
  3 worms (D)
  An orc (D)
  2 giant cockroaches (D)
  A kobold (D)
23 creatures vanquished.

Notes
Turn   | Place    | Note
-------+----------+-------------------------------------------
     0 | D        | Danienth the Troll Shapeshifter began the quest for the
                  | Orb.
     0 | D        | Reached XP level 1. HP: 18/18 MP: 0/0
     1 | D        | Found a stormy altar of Qazlal.
     1 | D        | Found a basalt altar of Yredelemnul.
     2 | D        | Found a bloodstained altar of Trog.
     2 | D        | Found a snail-covered altar of Cheibriados.
     3 | D        | Found a corrupted altar of Lugonu.
     3 | D        | Found a shadowy altar of Dithmenos.
     4 | D        | Found an opulent altar of Gozag.
     4 | D        | Found a glowing golden altar of the Shining One.
     4 | D        | Found Plog's Staff Store.
     4 | D        | Found Emoidi's Magic Scroll Shop.
     5 | D        | Found Jeadae's Must-Have Magic.
     5 | D        | Found Ypoanomn's Magic Scroll Shop.
     5 | D        | Round 1.
    20 | D        | Reached skill level 1 in Fighting
    23 | D        | Found a burning altar of Makhleb.
    25 | D        | Found a radiant altar of Vehumet.
    26 | D        | Found Mihez's Timeless Talismans.
    27 | D        | Found Hetoof's Jewellery.
    27 | D        | Found Hehoaruf's Advanced Armour.
    28 | D        | Found a shimmering altar of Xom.
    28 | D        | Found Yraorod's Identification Station.
    32 | D        | Found an ancient bone altar of Kikubaaqudgha.
    34 | D        | Found a glowing silver altar of Zin.
    35 | D        | Found a blossoming altar of Fedhas.
    35 | D        | Found an iron altar of Okawaru.
    35 | D        | Found a hide-covered altar of Uskayaw.
    35 | D        | Found Omakoa's Premium Goods.
    35 | D        | Found Imozufag's Weapon Rack.
    37 | D        | Found Siete's Miscellaneous Merchandise.
    37 | D        | Found Voorphias's Basic Armour.
    40 | D        | Found a sacrificial altar of Ru.
    46 | D        | Found a shimmering blue altar of Sif Muna.
    47 | D        | Found Denass's Do-It-Yourself Clinic.
    48 | D        | Found Ilinadd's Bottled Wisdom.
    48 | D        | Found Cumoagunu's Distillery.
    50 | D        | Found an ornate altar of the Wu Jian Council.
    50 | D        | Found Umaanlaz's Distillery.
    72 | D        | Reached XP level 2. HP: 14/27 MP: 1/1
    73 | D        | Became a worshipper of Gozag Ym Sagoz the Greedy
   109 | D        | Bought 6 potions of might for 168 gold pieces
   157 | D        | Bought a bound glass ring for 45 gold pieces
   157 | D        | Identified the ring of Sicvuan {*Corrode MP+9 Dex+5} (You
                  | bought it in a shop in the Dungeon)
   157 | D        | Bought a faintly glowing bone amulet for 45 gold pieces
   157 | D        | Identified the amulet "Isogaf" {Faith Rampage rCorr SInv}
                  | (You bought it in a shop in the Dungeon)
   191 | D        | Arena points: 6 (+6) [x1]
   206 | D        | Round 2.
   243 | D        | Noticed Terence
   252 | D        | Killed Terence
   253 | D        | Reached XP level 3. HP: 36/36 MP: 2/2
   282 | D        | Noticed a water moccasin
   285 | D        | Killed a water moccasin
   286 | D        | Reached skill level 5 in Shapeshifting
   286 | D        | Reached XP level 4. HP: 45/45 MP: 3/3
   286 | D        | Reached XP level 5. HP: 53/53 MP: 4/4
   307 | D        | Bought a potion of experience for 300 gold pieces
   307 | D        | Reached XP level 6. HP: 75/75 MP: 5/5
   371 | D        | Arena points: 34 (+28) [x2]
   422 | D        | Round 3.
   422 | D        | Noticed a neqoxec
   428 | D        | Killed a neqoxec
   465 | D        | Noticed a neqoxec
   466 | D        | Noticed a neqoxec
   470 | D        | Killed a neqoxec
   470 | D        | Noticed a neqoxec
   471 | D        | Reached XP level 7. HP: 83/83 MP: 6/6
   475 | D        | Killed a neqoxec
   479 | D        | Killed a neqoxec
   480 | D        | Reached skill level 10 in Unarmed Combat
   480 | D        | Reached skill level 1 in Evocations
   483 | D        | Noticed a neqoxec
   483 | D        | Noticed a neqoxec
   489 | D        | Killed a neqoxec
   490 | D        | Reached XP level 8. HP: 89/93 MP: 7/7
   493 | D        | Gained mutation: You are weak. (Str -2) [a neqoxec]
   494 | D        | Arena points: 97 (+63) [x3]
   562 | D        | Round 4.
   574 | D        | Bought a maw talisman for 280 gold pieces
   592 | D        | Reached skill level 10 in Fighting
   631 | D        | Noticed Grum
   636 | D        | Killed Grum
   637 | D        | Reached skill level 5 in Dodging
   693 | D        | Arena points: 209 (+112) [x4]
   712 | D        | Bought a potion of experience for 300 gold pieces
   712 | D        | Reached XP level 9. HP: 101/101 MP: 8/8
   736 | D        | Bought a serpent talisman for 280 gold pieces
   764 | D        | Round 5.
   765 | D        | Noticed the 27-headed Lernaean hydra
   766 | D        | HP: 4/121 [the 27-headed Lernaean hydra (10)]
   766 | D        | Slain by the 27-headed Lernaean hydra

Illustrated notes

Levels and vault maps discovered:
D:        arena_sprint

Skill      XL: |  1  2  3  4  5  6  7  8 |
---------------+-------------------------+-----
Fighting       | 1 2 3 9 10 | 10.2
Unarmed Combat | 4 6 7 9 10 11 | 11.1
Dodging        | 2 3 4 5 |  5.2
Shapeshifting  | 5 7 8 11 | 11.2
Evocations     | 1 |  1.3

Action                     |  1- 3 |  4- 6 |  7- 9 || total
---------------------------+-------+-------+-------++-------
  Melee: Unarmed           |    21 |     8 |    25 ||    54
         Punch             |       |     1 |     1 ||     2
Ability: Begin Untransform |       |       |     2 ||     2
  Evoke: Wand              |     2 |     6 |     2 ||    10
    Use: Potion            |     5 |     1 |     2 ||     8
 Armour: Animal skin       |     8 |       |     8 ||    16
         Skin              |       |       |    24 ||    24
  Dodge: Dodged            |     4 |       |    17 ||    21
   Form: Maw               |       |       |     1 ||     1
         Anaconda          |       |       |     1 ||     1

Table legend: (Time is in decaauts)
 A = Elapsed time spent in this place.
 B = Non-inter-level travel time spent in this place.
 C = Inter-level travel time spent in this place.
 D = Time resting spent in this place.
 E = Time spent auto-exploring this place.
 F = Levels seen in this place.
 G = Mean time per level.
                   A        B        C        D        E       F      G
               +--------+--------+--------+--------+--------+-----+--------+
         Total |    719 |    476 |    243 |     38 |    173 |   1 |  719.0 |
       Dungeon |    719 |    476 |    243 |     38 |    173 |   1 |  719.0 |
               +--------+--------+--------+--------+--------+-----+--------+

Top non-repeatable levels by time:
       D: 719 daAuts
